Knights vs Monarchs
Created - February 20, 2019 at 19:54
Goals
|
| Knights |
0 |
2 |
0 |
0 |
4 |
3 |
| Monarchs |
0 |
0 |
2 |
0 |
3 |
2 |
|
Shots
|
| Knights |
7 |
11 |
3 |
1 |
7 |
22 |
| Monarchs |
7 |
12 |
11 |
0 |
7 |
30 |
|
1st period
No Goal
Penalties :
Daultan Leveillé (MAN) for Holding (Minor) at 12:46
2nd period
1. Knights , Noel Acciari 31 (Zach Trotman 16, Jaccob Slavin 33) at 3:34 (PP)
2. Knights , Josh Bailey 17 (Miro Aaltonen 32) at 4:09
Penalties :
Garnet Hathaway (MAN) for Roughing (Minor) at 3:23, Matthew Benning (Lon) for Hooking (Minor) at 9:07, Josh Manson (MAN) for Boarding (Minor) at 13:03
3rd period
3. Monarchs , Chris Thorburn 11 (Tomas Tatar 30, Damon Severson 13) at 0:52
4. Monarchs , Sean Monahan 26 (Connor Brown 63) at 13:46 (PP)
Penalties :
Ronalds Kenins (Lon) for Slashing (Double Minor) at 3:24, Linden Vey (Lon) for Roughing (Minor) at 8:57, Ben Scrivens (Lon) for Slashing (Minor) at 13:24 - Michael Raffl served the penalty, Ludwig Bystrom (Lon) for Interference (Minor) at 19:03
Overtime #1
No Goal
Penalties :
No Penalty
Shootout
Knights, Michael Raffl - Goal!
Monarchs , Andre Burakovsky - Stopped by Ben Scrivens
Knights, Noel Acciari - Stopped by Malcolm Subban
Monarchs , Tomas Tatar - Goal!
Knights, Pavel Buchnevich - Goal!
Monarchs , Sean Monahan - Goal!
Knights, Josh Bailey - Shot Misses the Net
Monarchs , Brock Nelson - Stopped by Ben Scrivens
Knights, Linden Vey - Goal!
Monarchs , Eric Fehr - Goal!
Knights, Miro Aaltonen - Stopped by Malcolm Subban
Monarchs , Steve Ott - Stopped by Ben Scrivens
Knights, Boone Jenner - Goal!
Monarchs , Daultan Leveillé - Stopped by Ben Scrivens
Penalties :
No Penalty
Goalie Stats
Ben Scrivens (Lon), 28 saves from 30 shots - (0.933), W, 23-11-3, 65:00 minutes
Malcolm Subban (MAN), 20 saves from 22 shots - (0.909), OTL, 17-15-6, 65:00 minutes
Players Stats for Knights
Player Name G A P +/- PIM S H SB GA TA FO MP PP MP PK MP
------------------------------------------------------------------------------------
Boone Jenner 0 0 0 0 0 0 2 0 0 0 3/3 12:03 0:00 2:11
Brandon Saad 0 0 0 0 0 2 1 1 0 1 0/1 15:19 1:45 3:26
Brendan Gaunce 0 0 0 0 0 2 0 1 0 0 1/3 8:57 0:00 0:56
Collin Miller 0 0 0 -1 0 0 1 3 0 0 0/0 22:04 1:08 1:36
Jaccob Slavin 0 1 1 0 0 2 1 3 0 0 0/0 28:07 3:01 5:05
Jordan Martinook 0 0 0 0 0 0 1 0 0 0 0/0 9:12 0:00 1:11
Josh Bailey 1 0 1 0 0 3 5 0 0 0 1/2 18:35 1:45 1:40
Linden Vey 0 0 0 0 2 3 2 1 0 0 0/0 11:18 0:00 0:00
Ludwig Bystrom 0 0 0 1 2 1 0 1 0 0 0/0 15:10 0:00 3:38
Matthew Benning 0 0 0 1 2 0 0 0 0 2 0/0 12:48 0:00 0:33
Michael Matheson 0 0 0 -1 0 0 2 2 0 0 0/0 25:31 1:08 4:40
Michael Raffl 0 0 0 0 0 1 1 1 1 0 1/2 21:21 2:24 5:17
Miro Aaltonen 0 1 1 0 0 2 1 0 1 0 4/8 16:32 1:45 0:00
Noel Acciari 1 0 1 0 0 3 1 1 0 2 17/33 23:27 2:24 4:51
Pavel Buchnevich 0 0 0 0 0 0 1 1 1 1 1/2 19:01 2:24 0:00
Ronalds Kenins 0 0 0 0 4 2 2 0 5 1 0/1 15:44 0:00 0:01
Tom Wilson 0 0 0 0 0 1 0 2 0 0 1/1 8:01 0:00 0:00
Zach Trotman 0 1 1 0 0 0 0 3 0 1 0/0 26:28 3:01 5:04
Players Stats for Monarchs
Player Name G A P +/- PIM S H SB GA TA FO MP PP MP PK MP
------------------------------------------------------------------------------------
Andre Burakovsky 0 0 0 0 0 0 1 0 0 0 0/0 18:19 4:24 0:00
Brock Nelson 0 0 0 -1 0 3 2 0 1 0 0/0 18:52 3:36 1:00
Chris Thorburn 1 0 1 1 0 2 2 0 0 0 0/0 8:34 0:58 0:00
Connor Brown 0 1 1 0 0 4 1 0 2 1 0/1 18:23 4:38 0:00
Damon Severson 0 1 1 0 0 0 1 0 1 0 0/0 19:18 5:08 0:00
Daultan Leveillé 0 0 0 0 2 0 0 1 1 1 4/10 13:34 0:00 1:19
Eric Fehr 0 0 0 0 0 1 0 0 1 1 1/1 12:06 0:00 0:00
Frederik Gauthier 0 0 0 1 0 2 0 1 0 0 1/2 13:56 3:36 2:09
Garnet Hathaway 0 0 0 -1 2 0 1 0 0 1 1/2 20:36 3:39 0:38
Jonathan Drouin 0 0 0 0 0 0 1 0 0 1 0/0 15:11 3:31 0:00
Josh Manson 0 0 0 0 2 0 0 1 0 0 0/0 14:36 0:31 0:23
Mike Reilly 0 0 0 0 0 0 0 0 0 0 0/0 7:52 0:31 0:00
Nathan Paetsch 0 0 0 0 0 1 2 2 0 0 0/0 18:39 0:00 2:59
Oscar Klefbom 0 0 0 0 0 2 1 0 1 0 0/0 18:54 3:36 0:05
Robert Hagg 0 0 0 0 0 1 1 2 0 1 0/0 16:28 0:00 2:59
Sean Monahan 1 0 1 -1 0 7 2 0 0 0 10/21 19:50 4:25 0:00
Steve Ott 0 0 0 0 0 2 1 0 0 0 9/18 17:50 1:19 1:42
Tomas Tatar 0 1 1 1 0 2 3 0 0 0 1/1 12:08 1:15 1:30
Will Butcher 0 0 0 0 0 2 0 0 1 1 0/0 21:06 5:08 0:42
Zac Leslie 0 0 0 0 0 1 0 1 0 1 0/0 9:36 0:00 1:10
3 Stars
1 - Josh Bailey (Lon)
2 - Chris Thorburn (MAN)
3 - Noel Acciari (Lon)
Power Play
Knights - 1 on 3 Attempt(s) - 33.33%
Monarchs - 1 on 6 Attempt(s) - 16.67%
Penalty Kill
Knights - 5 on 6 Attempt(s) - 83.33%
- Score 0 goal in Penalty Kill
Monarchs - 2 on 3 Attempt(s) - 66.67%
- Score 0 goal in Penalty Kill
Team Stat
Knights - Hits : 21 - Faceoff Wins : 29 - Blocked Shots : 20 - Penalty Minutes : 12
Monarchs - Hits : 19 - Faceoff Wins : 27 - Blocked Shots : 8 - Penalty Minutes : 6
Official
Referees : Unknown
Linesman : Unknown
Game Notes
No Game Note
Finance
Level 1 -- Attendance: 1451 (72.55%) -- Ticket Income $58,040
Level 2 -- Attendance: 749 (74.90%) -- Ticket Income $14,980
Total Attendance: 2200 (73.33%)
Total Ticket Income: $73,020
Other Income: $3,651
Total Income: $76,671
Knights
5 vs 5 Forward
Center Left Wing Right Wing Time % Phy DF OF
1 Noel Acciari Ronalds Kenins Pavel Buchnevich 40 1 2 2
2 Miro Aaltonen Michael Raffl Josh Bailey 30 1 2 2
3 Boone Jenner Brandon Saad Linden Vey 20 1 2 2
4 Brendan Gaunce Jordan Martinook Tom Wilson 10 1 2 2
5 vs 5 Defense
Defense Defense Time % Phy DF OF
1 Zach Trotman Jaccob Slavin 40 1 2 2
2 Collin Miller Michael Matheson 32 1 1 3
3 Matthew Benning Ludwig Bystrom 18 1 2 2
4 Michael Matheson Jaccob Slavin 10 1 2 2
PowerPlay Forward
Center Left Wing Right Wing Time % Phy DF OF
1 Noel Acciari Michael Raffl Pavel Buchnevich 60 1 1 3
2 Miro Aaltonen Brandon Saad Josh Bailey 40 1 1 3
PowerPlay Defense
Defense Defense Time % Phy DF OF
1 Jaccob Slavin Zach Trotman 60 0 1 4
2 Michael Matheson Collin Miller 40 0 1 4
Penalty Kill 4 Players Forward
Center Wing Time % Phy DF OF
1 Noel Acciari Michael Raffl 60 1 3 1
2 Josh Bailey Brandon Saad 40 1 3 1
Penalty Kill 4 Players Defense
Defense Defense Time % Phy DF OF
1 Zach Trotman Jaccob Slavin 60 1 3 1
2 Michael Matheson Ludwig Bystrom 40 1 3 1
Penalty Kill - 3 Players Forward
Forward Time % Phy DF OF
1 Michael Raffl 60 0 4 1
2 Noel Acciari 40 0 4 1
Penalty Kill - 3 Players Defense
Defense Defense Time % Phy DF OF
1 Zach Trotman Michael Matheson 60 1 3 1
2 Jaccob Slavin Ludwig Bystrom 40 1 3 1
4 vs 4 Forward
Center Wing Time % Phy DF OF
1 Miro Aaltonen Josh Bailey 60 1 2 2
2 Noel Acciari Pavel Buchnevich 40 1 2 2
4 vs 4 Defense
Defense Defense Time % Phy DF OF
1 Collin Miller Jaccob Slavin 60 1 2 2
2 Michael Matheson Zach Trotman 40 1 2 2
Last Minutes Offensive
Center Left Wing Right Wing Defense Defense
Noel Acciari Michael Raffl Pavel Buchnevich Michael Matheson Jaccob Slavin
Last Minutes Defensive
Center Left Wing Right Wing Defense Defense
Miro Aaltonen Michael Raffl Josh Bailey Zach Trotman Jaccob Slavin
Goaltenders
Starting : Ben Scrivens
Backup : Eamon McAdam
Extra Forwards
Normal : Pavel Buchnevich, Linden Vey, Michael Raffl - PP : Josh Bailey, Michael Raffl - PK : Michael Raffl
Extra Defensemen
Normal : Jaccob Slavin, Zach Trotman, Michael Matheson - PP : Jaccob Slavin - PK : Jaccob Slavin, Michael Matheson
Penalty Shots
Michael Raffl, Noel Acciari, Pavel Buchnevich, Josh Bailey, Linden Vey
Scratches
Zach Nastasiuk (Healthy), Cody Bass (Healthy), Alan Quine (Healthy), Matt Puempel (Healthy), David Shields (Healthy)
Trevor Moore (Healthy), Scott Wilson (Healthy), Curtis Valk (Healthy), Anthony Louis (Healthy), Brett Connolly (Healthy)
Travis Boyd (Healthy), Nicolas Petan (Healthy), Vince Hinostroza (Healthy), Anton Blidh (Healthy), A.J. Jenks (Healthy)
Connor Knapp (Healthy), Magnus Hellberg (Healthy), Philippe Desrosiers (Healthy), Ville Husso (Healthy)
Monarchs
5 vs 5 Forward
Center Left Wing Right Wing Time % Phy DF OF
1 Sean Monahan Brock Nelson Garnet Hathaway 30 1 3 1
2 Steve Ott Andre Burakovsky Connor Brown 30 0 2 3
3 Daultan Leveillé Jonathan Drouin Eric Fehr 25 1 3 1
4 Frederik Gauthier Tomas Tatar Chris Thorburn 15 0 3 2
5 vs 5 Defense
Defense Defense Time % Phy DF OF
1 Nathan Paetsch Damon Severson 30 0 3 2
2 Will Butcher Josh Manson 30 2 2 1
3 Robert Hagg Oscar Klefbom 25 0 4 1
4 Mike Reilly Zac Leslie 15 1 3 1
PowerPlay Forward
Center Left Wing Right Wing Time % Phy DF OF
1 Sean Monahan Andre Burakovsky Connor Brown 60 0 1 4
2 Jonathan Drouin Brock Nelson Garnet Hathaway 40 0 1 4
PowerPlay Defense
Defense Defense Time % Phy DF OF
1 Damon Severson Will Butcher 60 0 2 3
2 Frederik Gauthier Oscar Klefbom 40 0 2 3
Penalty Kill 4 Players Forward
Center Wing Time % Phy DF OF
1 Daultan Leveillé Frederik Gauthier 60 1 3 1
2 Steve Ott Garnet Hathaway 40 1 3 1
Penalty Kill 4 Players Defense
Defense Defense Time % Phy DF OF
1 Robert Hagg Nathan Paetsch 60 1 4 0
2 Zac Leslie Josh Manson 40 1 4 0
Penalty Kill - 3 Players Forward
Forward Time % Phy DF OF
1 Daultan Leveillé 60 1 4 0
2 Steve Ott 40 1 4 0
Penalty Kill - 3 Players Defense
Defense Defense Time % Phy DF OF
1 Nathan Paetsch Robert Hagg 60 0 5 0
2 Zac Leslie Josh Manson 40 0 5 0
4 vs 4 Forward
Center Wing Time % Phy DF OF
1 Sean Monahan Garnet Hathaway 60 1 2 2
2 Connor Brown Andre Burakovsky 40 1 2 2
4 vs 4 Defense
Defense Defense Time % Phy DF OF
1 Nathan Paetsch Will Butcher 60 1 2 2
2 Robert Hagg Oscar Klefbom 40 1 2 2
Last Minutes Offensive
Center Left Wing Right Wing Defense Defense
Sean Monahan Andre Burakovsky Connor Brown Will Butcher Damon Severson
Last Minutes Defensive
Center Left Wing Right Wing Defense Defense
Frederik Gauthier Tomas Tatar Garnet Hathaway Robert Hagg Josh Manson
Goaltenders
Starting : Malcolm Subban
Backup : Antti Raanta
Extra Forwards
Normal : Sean Monahan, Garnet Hathaway, Tomas Tatar - PP : Brock Nelson, Frederik Gauthier - PK : Tomas Tatar
Extra Defensemen
Normal : Will Butcher, Oscar Klefbom, Robert Hagg - PP : Mike Reilly - PK : Oscar Klefbom, Will Butcher
Penalty Shots
Andre Burakovsky, Tomas Tatar, Sean Monahan, Brock Nelson, Eric Fehr
Scratches
Joel Armia (Back Spasms Injury), Colin Smith (Healthy), Nicklas Jensen (Healthy), Mike Hoffman (Healthy), Joe Morrow (Healthy)
Connor Clifton (Healthy), JT Compher (Right Foot Injury), Ryan White (Healthy), Anthony Peluso (Healthy), Zach Redmond (Healthy)
Tyler Beskorowany (Healthy)
% Time on Ice - Knights
Lines # - Real PCT - Wanted PCT - Time Play
Normal Forward
1 - 33% - 40% - 15:26
2 - 29% - 30% - 13:17
3 - 21% - 20% - 9:52
4 - 17% - 10% - 8:01
Normal Defense
1 - 36% - 40% - 16:54
2 - 38% - 32% - 17:44
3 - 23% - 18% - 10:48
4 - 3% - 10% - 1:10
PP Forward
1 - 58% - 60% - 2:24
2 - 42% - 40% - 1:45
PP Defense
1 - 73% - 60% - 3:01
2 - 27% - 40% - 1:08
PK Forward
1 - 82% - 60% - 7:35
2 - 18% - 40% - 1:40
PK Defense
1 - 55% - 60% - 5:06
2 - 45% - 40% - 4:09
PK3 Forward
1 - 100% - 60% - 1:03
2 - 0% - 40% - 0:00
PK3 Defense
1 - 49% - 60% - 0:31
2 - 51% - 40% - 0:32
44 Forward
1 - 92% - 60% - 3:37
2 - 8% - 40% - 0:20
44 Defense
1 - 65% - 60% - 2:35
2 - 35% - 40% - 1:22
Last Minute Offensive - 0:00
Last Minute Defensive - 0:00
Total
Forward - 65:00
Defense - 65:00
|
% Time on Ice - Monarchs
Lines # - Real PCT - Wanted PCT - Time Play
Normal Forward
1 - 29% - 30% - 13:23
2 - 29% - 30% - 13:31
3 - 26% - 25% - 12:06
4 - 16% - 15% - 7:36
Normal Defense
1 - 30% - 30% - 14:10
2 - 30% - 30% - 13:53
3 - 24% - 25% - 11:12
4 - 16% - 15% - 7:21
PP Forward
1 - 61% - 60% - 5:40
2 - 39% - 40% - 3:35
PP Defense
1 - 61% - 60% - 5:39
2 - 39% - 40% - 3:36
PK Forward
1 - 85% - 60% - 3:31
2 - 15% - 40% - 0:38
PK Defense
1 - 72% - 60% - 2:59
2 - 28% - 40% - 1:10
PK3 Forward
1 - 0% - 60%
2 - 0% - 40%
PK3 Defense
1 - 0% - 60%
2 - 0% - 40%
44 Forward
1 - 76% - 60% - 3:48
2 - 24% - 40% - 1:12
44 Defense
1 - 54% - 60% - 2:43
2 - 46% - 40% - 2:17
Last Minute Offensive - 0:00
Last Minute Defensive - 0:00
Total
Forward - 65:00
Defense - 65:00
|
Play-by-Play
1st period
0:01 of 1st period - Noel Acciari wins face-off versus Sean Monahan in neutral zone.
0:28 of 1st period - Slapshot by Miro Aaltonen.
0:28 of 1st period - Shot Misses the Net.
1:03 of 1st period - Icing by Zach Trotman.
1:04 of 1st period - Brendan Gaunce wins face-off versus Frederik Gauthier in Knights zone.
1:09 of 1st period - Robert Hagg is hit by Jordan Martinook and loses puck.
1:18 of 1st period - Wrist shot by Chris Thorburn.
1:18 of 1st period - Shot Blocked by Tom Wilson.
2:06 of 1st period - Wrist shot by Pavel Buchnevich.
2:06 of 1st period - Shot Blocked by Zac Leslie.
2:18 of 1st period - Zac Leslie is hit by Michael Matheson and loses puck.
2:37 of 1st period - Wrist shot by Brandon Saad.
2:37 of 1st period - Shot Misses the Net.
2:47 of 1st period - Wrist shot by Tomas Tatar.
2:47 of 1st period - Deflect By Chris Thorburn.
2:47 of 1st period - Stopped by Ben Scrivens without a rebound.
2:48 of 1st period - Michael Raffl wins face-off versus Garnet Hathaway in Knights zone.
2:59 of 1st period - Snap shot by Miro Aaltonen.
2:59 of 1st period - Stopped by Malcolm Subban without a rebound.
3:00 of 1st period - Miro Aaltonen wins face-off versus Steve Ott in Monarchs zone.
3:27 of 1st period - Josh Manson is hit by Ronalds Kenins and loses puck.
4:12 of 1st period - Wrist shot by Brendan Gaunce.
4:12 of 1st period - Stopped by Malcolm Subban with a rebound.
5:41 of 1st period - Snap shot by Eric Fehr.
5:41 of 1st period - Shot Blocked by Jaccob Slavin.
6:29 of 1st period - Backhand shot by Boone Jenner.
6:29 of 1st period - Shot Blocked by Nathan Paetsch.
6:37 of 1st period - Wrist shot by Brandon Saad.
6:37 of 1st period - Stopped by Malcolm Subban without a rebound.
6:38 of 1st period - Noel Acciari wins face-off versus Steve Ott in Monarchs zone.
6:41 of 1st period - Snap shot by Ronalds Kenins.
6:41 of 1st period - Shot Misses the Net.
7:13 of 1st period - Michael Matheson is hit by Brock Nelson and loses puck.
8:16 of 1st period - Noel Acciari is hit by Chris Thorburn and loses puck.
8:35 of 1st period - Snap shot by Josh Bailey.
8:35 of 1st period - Shot Misses the Net.
8:37 of 1st period - Slapshot by Michael Raffl.
8:37 of 1st period - Stopped by Malcolm Subban with a rebound.
8:41 of 1st period - Wrist shot by Josh Bailey.
8:41 of 1st period - Stopped by Malcolm Subban with a rebound.
8:43 of 1st period - Slapshot by Miro Aaltonen.
8:43 of 1st period - Stopped by Malcolm Subban without a rebound.
8:44 of 1st period - Steve Ott wins face-off versus Josh Bailey in Monarchs zone.
8:55 of 1st period - Wrist shot by Steve Ott.
8:55 of 1st period - Stopped by Ben Scrivens with a rebound.
8:57 of 1st period - Slapshot by Andre Burakovsky.
8:57 of 1st period - Shot Blocked by Collin Miller.
8:59 of 1st period - Snap shot by Steve Ott.
8:59 of 1st period - Shot Misses the Net.
9:09 of 1st period - Will Butcher is hit by Michael Matheson.
10:30 of 1st period - Icing by Daultan Leveillé.
10:31 of 1st period - Sean Monahan wins face-off versus Pavel Buchnevich in Monarchs zone.
10:57 of 1st period - Steve Ott is hit by Miro Aaltonen and loses puck.
11:06 of 1st period - Snap shot by Connor Brown.
11:06 of 1st period - Stopped by Ben Scrivens without a rebound.
11:07 of 1st period - Noel Acciari wins face-off versus Daultan Leveillé in Knights zone.
12:20 of 1st period - Michael Matheson is hit by Tomas Tatar and loses puck.
12:46 of 1st period - Minor Penalty to Daultan Leveillé for Holding.
12:47 of 1st period - Tomas Tatar wins face-off versus Noel Acciari in Monarchs zone.
12:59 of 1st period - Wrist shot by Tomas Tatar.
12:59 of 1st period - Shot Blocked by Pavel Buchnevich.
13:01 of 1st period - Slapshot by Tomas Tatar.
13:01 of 1st period - Stopped by Ben Scrivens with a rebound.
13:03 of 1st period - Slapshot by Nathan Paetsch.
13:03 of 1st period - Stopped by Ben Scrivens with a rebound.
13:13 of 1st period - Frederik Gauthier is hit by Brandon Saad and loses puck.
13:37 of 1st period - Icing by Michael Raffl.
13:38 of 1st period - Steve Ott wins face-off versus Noel Acciari in Knights zone.
14:46 of 1st period - Penalty to Daultan Leveillé is over, Daultan Leveillé is back on ice.
14:55 of 1st period - Wrist shot by Brendan Gaunce.
14:55 of 1st period - Stopped by Malcolm Subban without a rebound.
14:56 of 1st period - Eric Fehr wins face-off versus Brendan Gaunce in Monarchs zone.
15:00 of 1st period - Icing by Eric Fehr.
15:01 of 1st period - Daultan Leveillé wins face-off versus Brendan Gaunce in Monarchs zone.
15:34 of 1st period - Slapshot by Chris Thorburn.
15:34 of 1st period - Shot Blocked by Tom Wilson.
15:36 of 1st period - Slapshot by Chris Thorburn.
15:36 of 1st period - Deflect By Tomas Tatar.
15:36 of 1st period - Shot Hit the Post.
15:36 of 1st period - Puck is out of play.
15:37 of 1st period - Noel Acciari wins face-off versus Steve Ott in Knights zone.
16:02 of 1st period - Damon Severson is hit by Collin Miller and loses puck.
16:23 of 1st period - Snap shot by Garnet Hathaway.
16:23 of 1st period - Shot Misses the Net.
16:45 of 1st period - Wrist shot by Connor Brown.
16:45 of 1st period - Stopped by Ben Scrivens with a rebound.
16:47 of 1st period - Slapshot by Steve Ott.
16:47 of 1st period - Deflect By Connor Brown.
16:47 of 1st period - Shot Blocked by Linden Vey.
16:47 of 1st period - Puck is out of play.
16:48 of 1st period - Noel Acciari wins face-off versus Steve Ott in Knights zone.
16:48 of 1st period - Noel Acciari is hit by Andre Burakovsky.
17:05 of 1st period - Icing by Collin Miller.
17:06 of 1st period - Sean Monahan wins face-off versus Noel Acciari in Knights zone.
17:57 of 1st period - Snap shot by Tomas Tatar.
17:57 of 1st period - Shot Misses the Net.
17:59 of 1st period - Snap shot by Frederik Gauthier.
17:59 of 1st period - Shot Misses the Net.
18:03 of 1st period - Wrist shot by Chris Thorburn.
18:03 of 1st period - Shot Misses the Net.
18:05 of 1st period - Slapshot by Tomas Tatar.
18:05 of 1st period - Shot Blocked by Brandon Saad.
18:25 of 1st period - Snap shot by Jonathan Drouin.
18:25 of 1st period - Shot Misses the Net.
18:40 of 1st period - Off-side.
18:41 of 1st period - Miro Aaltonen wins face-off versus Sean Monahan in neutral zone.
18:56 of 1st period - Snap shot by Sean Monahan.
18:56 of 1st period - Stopped by Ben Scrivens without a rebound.
18:57 of 1st period - Steve Ott wins face-off versus Noel Acciari in Knights zone.
19:00 of 1st period - Snap shot by Connor Brown.
19:00 of 1st period - Deflect By Andre Burakovsky.
19:00 of 1st period - Shot Blocked by Collin Miller.
19:00 of 1st period - Puck is out of play.
19:01 of 1st period - Steve Ott wins face-off versus Noel Acciari in Knights zone.
19:36 of 1st period - Icing by Brandon Saad.
19:37 of 1st period - Boone Jenner wins face-off versus Sean Monahan in Knights zone.
Goals for this period are 0 for Knights vs 0 for Monarchs .
Shots for this period are 7 for Knights vs 7 for Monarchs .
2nd period
0:01 of 2nd period - Pavel Buchnevich wins face-off versus Daultan Leveillé in neutral zone.
1:03 of 2nd period - Snap shot by Eric Fehr.
1:03 of 2nd period - Shot Misses the Net.
1:06 of 2nd period - Icing by Matthew Benning.
1:07 of 2nd period - Sean Monahan wins face-off versus Miro Aaltonen in Knights zone.
1:15 of 2nd period - Off-side.
1:16 of 2nd period - Noel Acciari wins face-off versus Sean Monahan in neutral zone.
1:21 of 2nd period - Snap shot by Noel Acciari.
1:21 of 2nd period - Shot Misses the Net.
1:23 of 2nd period - Wrist shot by Ronalds Kenins.
1:23 of 2nd period - Deflect By Nathan Paetsch.
1:23 of 2nd period - Stopped by Malcolm Subban without a rebound.
1:24 of 2nd period - Noel Acciari wins face-off versus Steve Ott in Monarchs zone.
1:27 of 2nd period - Snap shot by Noel Acciari.
1:27 of 2nd period - Stopped by Malcolm Subban with a rebound.
1:39 of 2nd period - Snap shot by Connor Brown.
1:39 of 2nd period - Shot Misses the Net.
1:51 of 2nd period - Zach Trotman is hit by Brock Nelson and loses puck.
3:15 of 2nd period - Collin Miller is hit by Garnet Hathaway and loses puck.
3:23 of 2nd period - Minor Penalty to Garnet Hathaway for Roughing.
3:24 of 2nd period - Noel Acciari wins face-off versus Daultan Leveillé in Monarchs zone.
3:26 of 2nd period - Snap shot by Pavel Buchnevich.
3:26 of 2nd period - Shot Misses the Net.
3:28 of 2nd period - Snap shot by Pavel Buchnevich.
3:28 of 2nd period - Shot Blocked by Frederik Gauthier.
3:30 of 2nd period - Slapshot by Zach Trotman.
3:30 of 2nd period - Shot Blocked by Daultan Leveillé.
3:32 of 2nd period - Slapshot by Jaccob Slavin.
3:32 of 2nd period - Stopped by Malcolm Subban with a rebound.
3:34 of 2nd period - Slapshot by Zach Trotman.
3:34 of 2nd period - Deflect By Noel Acciari.
3:34 of 2nd period - Goal by Noel Acciari - Knights : 1 - Monarchs : 0.
3:35 of 2nd period - Steve Ott wins face-off versus Noel Acciari in neutral zone.
4:02 of 2nd period - Garnet Hathaway is hit by Michael Raffl and loses puck.
4:07 of 2nd period - Snap shot by Josh Bailey.
4:07 of 2nd period - Stopped by Malcolm Subban with a rebound.
4:09 of 2nd period - Snap shot by Josh Bailey.
4:09 of 2nd period - Goal by Josh Bailey - Knights : 2 - Monarchs : 0.
4:10 of 2nd period - Steve Ott wins face-off versus Noel Acciari in neutral zone.
5:18 of 2nd period - Wrist shot by Brandon Saad.
5:18 of 2nd period - Shot Misses the Net.
5:20 of 2nd period - Wrist shot by Linden Vey.
5:20 of 2nd period - Stopped by Malcolm Subban with a rebound.
5:22 of 2nd period - Snap shot by Ludwig Bystrom.
5:22 of 2nd period - Deflect By Oscar Klefbom.
5:22 of 2nd period - Stopped by Malcolm Subban with a rebound.
5:24 of 2nd period - Backhand shot by Brandon Saad.
5:24 of 2nd period - Stopped by Malcolm Subban with a rebound.
5:26 of 2nd period - Wrist shot by Linden Vey.
5:26 of 2nd period - Deflect By Boone Jenner.
5:26 of 2nd period - Shot Blocked by Robert Hagg.
5:26 of 2nd period - Puck is out of play.
5:27 of 2nd period - Noel Acciari wins face-off versus Steve Ott in Monarchs zone.
5:30 of 2nd period - Snap shot by Noel Acciari.
5:30 of 2nd period - Shot Misses the Net.
5:52 of 2nd period - Garnet Hathaway is hit by Josh Bailey and loses puck.
6:01 of 2nd period - Wrist shot by Miro Aaltonen.
6:01 of 2nd period - Shot Misses the Net.
6:22 of 2nd period - Slapshot by Tom Wilson.
6:22 of 2nd period - Stopped by Malcolm Subban without a rebound.
6:23 of 2nd period - Steve Ott wins face-off versus Noel Acciari in Monarchs zone.
6:34 of 2nd period - Slapshot by Steve Ott.
6:34 of 2nd period - Shot Misses the Net.
6:59 of 2nd period - Snap shot by Brandon Saad.
6:59 of 2nd period - Shot Misses the Net.
7:01 of 2nd period - Snap shot by Brandon Saad.
7:01 of 2nd period - Deflect By Boone Jenner.
7:01 of 2nd period - Shot Misses the Net.
7:01 of 2nd period - Puck is out of play.
7:02 of 2nd period - Miro Aaltonen wins face-off versus Sean Monahan in Monarchs zone.
8:35 of 2nd period - Wrist shot by Sean Monahan.
8:35 of 2nd period - Shot Blocked by Zach Trotman.
8:37 of 2nd period - Snap shot by Zac Leslie.
8:37 of 2nd period - Shot Misses the Net.
8:39 of 2nd period - Wrist shot by Brock Nelson.
8:39 of 2nd period - Shot Blocked by Zach Trotman.
8:41 of 2nd period - Snap shot by Brock Nelson.
8:41 of 2nd period - Shot Misses the Net.
9:07 of 2nd period - Minor Penalty to Matthew Benning for Hooking.
9:08 of 2nd period - Sean Monahan wins face-off versus Noel Acciari in Knights zone.
9:09 of 2nd period - Snap shot by Connor Brown.
9:09 of 2nd period - Deflect By Sean Monahan.
9:09 of 2nd period - Stopped by Ben Scrivens with a rebound.
9:11 of 2nd period - Slapshot by Will Butcher.
9:11 of 2nd period - Shot Blocked by Michael Matheson.
9:13 of 2nd period - Slapshot by Will Butcher.
9:13 of 2nd period - Stopped by Ben Scrivens with a rebound.
9:15 of 2nd period - Snap shot by Andre Burakovsky.
9:15 of 2nd period - Shot Misses the Net.
9:17 of 2nd period - Wrist shot by Connor Brown.
9:17 of 2nd period - Shot Misses the Net.
9:19 of 2nd period - Slapshot by Andre Burakovsky.
9:19 of 2nd period - Shot Misses the Net.
9:21 of 2nd period - Snap shot by Andre Burakovsky.
9:21 of 2nd period - Shot Misses the Net.
9:23 of 2nd period - Slapshot by Damon Severson.
9:23 of 2nd period - Shot Blocked by Michael Raffl.
9:43 of 2nd period - Wrist shot by Garnet Hathaway.
9:43 of 2nd period - Shot Blocked by Ludwig Bystrom.
10:01 of 2nd period - Brandon Saad is hit by Oscar Klefbom and loses puck.
10:41 of 2nd period - Michael Raffl is hit by Sean Monahan and loses puck.
11:07 of 2nd period - Penalty to Matthew Benning is over, Matthew Benning is back on ice.
11:37 of 2nd period - Snap shot by Ronalds Kenins.
11:37 of 2nd period - Deflect By Eric Fehr.
11:37 of 2nd period - Stopped by Malcolm Subban with a rebound.
12:01 of 2nd period - Snap shot by Jordan Martinook.
12:01 of 2nd period - Shot Misses the Net.
13:03 of 2nd period - Minor Penalty to Josh Manson for Boarding.
13:04 of 2nd period - Daultan Leveillé wins face-off versus Noel Acciari in Monarchs zone.
13:24 of 2nd period - Slapshot by Jaccob Slavin.
13:24 of 2nd period - Shot Blocked by Nathan Paetsch.
13:45 of 2nd period - Icing by Zach Trotman.
13:46 of 2nd period - Noel Acciari wins face-off versus Daultan Leveillé in Knights zone.
14:01 of 2nd period - Will Butcher is hit by Jaccob Slavin and loses puck.
14:16 of 2nd period - Wrist shot by Steve Ott.
14:16 of 2nd period - Stopped by Ben Scrivens with a rebound.
14:18 of 2nd period - Slapshot by Zac Leslie.
14:18 of 2nd period - Stopped by Ben Scrivens with a rebound.
14:20 of 2nd period - Snap shot by Steve Ott.
14:20 of 2nd period - Shot Blocked by Jaccob Slavin.
15:03 of 2nd period - Penalty to Josh Manson is over, Josh Manson is back on ice.
15:33 of 2nd period - Icing by Steve Ott.
15:34 of 2nd period - Boone Jenner wins face-off versus Steve Ott in Monarchs zone.
15:53 of 2nd period - Wrist shot by Garnet Hathaway.
15:53 of 2nd period - Shot Misses the Net.
15:55 of 2nd period - Slapshot by Zac Leslie.
15:55 of 2nd period - Shot Misses the Net.
15:57 of 2nd period - Slapshot by Oscar Klefbom.
15:57 of 2nd period - Stopped by Ben Scrivens without a rebound.
15:58 of 2nd period - Daultan Leveillé wins face-off versus Noel Acciari in Knights zone.
16:01 of 2nd period - Snap shot by Eric Fehr.
16:01 of 2nd period - Stopped by Ben Scrivens with a rebound.
16:23 of 2nd period - Michael Raffl is hit by Chris Thorburn and loses puck.
16:44 of 2nd period - Wrist shot by Connor Brown.
16:44 of 2nd period - Deflect By Andre Burakovsky.
16:44 of 2nd period - Shot Misses the Net.
16:44 of 2nd period - Puck is out of play.
16:45 of 2nd period - Tom Wilson wins face-off versus Steve Ott in Knights zone.
16:45 of 2nd period - Tom Wilson is hit by Steve Ott.
16:55 of 2nd period - Wrist shot by Tom Wilson.
16:55 of 2nd period - Shot Misses the Net.
17:21 of 2nd period - Snap shot by Jonathan Drouin.
17:21 of 2nd period - Shot Misses the Net.
17:23 of 2nd period - Snap shot by Oscar Klefbom.
17:23 of 2nd period - Stopped by Ben Scrivens with a rebound.
17:33 of 2nd period - Slapshot by Tomas Tatar.
17:33 of 2nd period - Shot Blocked by Noel Acciari.
17:35 of 2nd period - Snap shot by Frederik Gauthier.
17:35 of 2nd period - Stopped by Ben Scrivens with a rebound.
17:37 of 2nd period - Snap shot by Tomas Tatar.
17:37 of 2nd period - Shot Misses the Net.
17:39 of 2nd period - Slapshot by Damon Severson.
17:39 of 2nd period - Deflect By Tomas Tatar.
17:39 of 2nd period - Stopped by Ben Scrivens with a rebound.
17:41 of 2nd period - Slapshot by Nathan Paetsch.
17:41 of 2nd period - Shot Misses the Net.
17:43 of 2nd period - Snap shot by Frederik Gauthier.
17:43 of 2nd period - Stopped by Ben Scrivens with a rebound.
17:51 of 2nd period - Noel Acciari is hit by Tomas Tatar and loses puck.
18:21 of 2nd period - Off-side.
18:22 of 2nd period - Boone Jenner wins face-off versus Daultan Leveillé in neutral zone.
18:25 of 2nd period - Eric Fehr is hit by Linden Vey and loses puck.
18:32 of 2nd period - Michael Matheson is hit by Jonathan Drouin and loses puck.
18:49 of 2nd period - Wrist shot by Sean Monahan.
18:49 of 2nd period - Stopped by Ben Scrivens without a rebound.
18:50 of 2nd period - Sean Monahan wins face-off versus Miro Aaltonen in Knights zone.
18:51 of 2nd period - Snap shot by Brock Nelson.
18:51 of 2nd period - Stopped by Ben Scrivens with a rebound.
18:57 of 2nd period - Nathan Paetsch is hit by Josh Bailey and loses puck.
19:16 of 2nd period - Damon Severson is hit by Boone Jenner.
19:40 of 2nd period - Steve Ott is hit by Ronalds Kenins and loses puck.
Goals for this period are 2 for Knights vs 0 for Monarchs .
Shots for this period are 11 for Knights vs 12 for Monarchs .
3rd period
0:01 of 3rd period - Noel Acciari wins face-off versus Sean Monahan in neutral zone.
0:11 of 3rd period - Slapshot by Noel Acciari.
0:11 of 3rd period - Shot Blocked by Josh Manson.
0:25 of 3rd period - Connor Brown is hit by Josh Bailey and loses puck.
0:52 of 3rd period - Wrist shot by Chris Thorburn.
0:52 of 3rd period - Goal by Chris Thorburn - Knights : 2 - Monarchs : 1.
0:53 of 3rd period - Garnet Hathaway wins face-off versus Ronalds Kenins in neutral zone.
1:02 of 3rd period - Backhand shot by Sean Monahan.
1:02 of 3rd period - Stopped by Ben Scrivens with a rebound.
1:04 of 3rd period - Snap shot by Sean Monahan.
1:04 of 3rd period - Shot Misses the Net.
1:18 of 3rd period - Damon Severson is hit by Josh Bailey and loses puck.
1:46 of 3rd period - Michael Matheson is hit by Connor Brown and loses puck.
2:07 of 3rd period - Slapshot by Will Butcher.
2:07 of 3rd period - Stopped by Ben Scrivens with a rebound.
2:09 of 3rd period - Slapshot by Josh Manson.
2:09 of 3rd period - Shot Blocked by Brendan Gaunce.
2:11 of 3rd period - Slapshot by Robert Hagg.
2:11 of 3rd period - Shot Misses the Net.
2:13 of 3rd period - Snap shot by Steve Ott.
2:13 of 3rd period - Shot Misses the Net.
2:15 of 3rd period - Snap shot by Steve Ott.
2:15 of 3rd period - Shot Misses the Net.
2:17 of 3rd period - Slapshot by Robert Hagg.
2:17 of 3rd period - Stopped by Ben Scrivens without a rebound.
2:18 of 3rd period - Noel Acciari wins face-off versus Sean Monahan in Knights zone.
2:29 of 3rd period - Slapshot by Noel Acciari.
2:29 of 3rd period - Stopped by Malcolm Subban with a rebound.
2:31 of 3rd period - Backhand shot by Ronalds Kenins.
2:31 of 3rd period - Shot Blocked by Robert Hagg.
2:33 of 3rd period - Slapshot by Jaccob Slavin.
2:33 of 3rd period - Deflect By Brock Nelson.
2:33 of 3rd period - Stopped by Malcolm Subban without a rebound.
2:34 of 3rd period - Josh Bailey wins face-off versus Daultan Leveillé in Monarchs zone.
3:02 of 3rd period - Off-side.
3:03 of 3rd period - Sean Monahan wins face-off versus Noel Acciari in neutral zone.
3:24 of 3rd period - Double Minor Penalty to Ronalds Kenins for Slashing.
3:25 of 3rd period - Noel Acciari wins face-off versus Sean Monahan in Knights zone.
3:40 of 3rd period - Snap shot by Sean Monahan.
3:40 of 3rd period - Shot Misses the Net.
5:24 of 3rd period - Slapshot by Oscar Klefbom.
5:24 of 3rd period - Shot Blocked by Zach Trotman.
6:54 of 3rd period - Jordan Martinook is hit by Tomas Tatar and loses puck.
7:11 of 3rd period - Icing by Chris Thorburn.
7:12 of 3rd period - Steve Ott wins face-off versus Noel Acciari in Monarchs zone.
7:24 of 3rd period - Penalty to Ronalds Kenins is over, Ronalds Kenins is back on ice.
7:37 of 3rd period - Eric Fehr is hit by Noel Acciari and loses puck.
7:50 of 3rd period - Slapshot by Will Butcher.
7:50 of 3rd period - Shot Misses the Net.
8:57 of 3rd period - Minor Penalty to Linden Vey for Roughing.
8:58 of 3rd period - Noel Acciari wins face-off versus Sean Monahan in Knights zone.
10:57 of 3rd period - Penalty to Linden Vey is over, Linden Vey is back on ice.
11:03 of 3rd period - Wrist shot by Linden Vey.
11:03 of 3rd period - Stopped by Malcolm Subban with a rebound.
11:09 of 3rd period - Ronalds Kenins is hit by Damon Severson and loses puck.
11:38 of 3rd period - Mike Reilly is hit by Boone Jenner and loses puck.
12:06 of 3rd period - Pavel Buchnevich is hit by Robert Hagg and loses puck.
13:18 of 3rd period - Icing by Matthew Benning.
13:19 of 3rd period - Steve Ott wins face-off versus Miro Aaltonen in Knights zone.
13:20 of 3rd period - Wrist shot by Connor Brown.
13:20 of 3rd period - Stopped by Ben Scrivens with a rebound.
13:24 of 3rd period - Slapshot by Brock Nelson.
13:24 of 3rd period - Stopped by Ben Scrivens without a rebound.
13:24 of 3rd period - Minor Penalty to Ben Scrivens for Slashing.
13:25 of 3rd period - Sean Monahan wins face-off versus Brandon Saad in Knights zone.
13:34 of 3rd period - Snap shot by Connor Brown.
13:34 of 3rd period - Stopped by Ben Scrivens without a rebound.
13:35 of 3rd period - Noel Acciari wins face-off versus Sean Monahan in Knights zone.
13:44 of 3rd period - Wrist shot by Sean Monahan.
13:44 of 3rd period - Stopped by Ben Scrivens with a rebound.
13:46 of 3rd period - Snap shot by Sean Monahan.
13:46 of 3rd period - Goal by Sean Monahan - Knights : 2 - Monarchs : 2.
13:47 of 3rd period - Sean Monahan wins face-off versus Noel Acciari in neutral zone.
13:59 of 3rd period - Snap shot by Brock Nelson.
13:59 of 3rd period - Stopped by Ben Scrivens with a rebound.
14:01 of 3rd period - Wrist shot by Garnet Hathaway.
14:01 of 3rd period - Shot Hit the Post.
15:04 of 3rd period - Slapshot by Eric Fehr.
15:04 of 3rd period - Shot Blocked by Collin Miller.
15:46 of 3rd period - Slapshot by Connor Brown.
15:46 of 3rd period - Shot Misses the Net.
16:00 of 3rd period - Boone Jenner is hit by Nathan Paetsch and loses puck.
16:25 of 3rd period - Oscar Klefbom is hit by Pavel Buchnevich and loses puck.
16:50 of 3rd period - Wrist shot by Sean Monahan.
16:50 of 3rd period - Stopped by Ben Scrivens without a rebound.
16:51 of 3rd period - Frederik Gauthier wins face-off versus Noel Acciari in Knights zone.
17:21 of 3rd period - Michael Matheson is hit by Nathan Paetsch and loses puck.
17:40 of 3rd period - Nathan Paetsch is hit by Josh Bailey and loses puck.
18:44 of 3rd period - Snap shot by Tomas Tatar.
18:44 of 3rd period - Deflect By Eric Fehr.
18:44 of 3rd period - Shot Misses the Net.
18:44 of 3rd period - Puck is out of play.
18:45 of 3rd period - Daultan Leveillé wins face-off versus Noel Acciari in Knights zone.
19:03 of 3rd period - Minor Penalty to Ludwig Bystrom for Interference.
19:04 of 3rd period - Noel Acciari wins face-off versus Sean Monahan in Knights zone.
19:04 of 3rd period - Noel Acciari is hit by Sean Monahan.
Goals for this period are 0 for Knights vs 2 for Monarchs .
Shots for this period are 3 for Knights vs 11 for Monarchs .
Overtime #1
0:01 of 1st overtime period - Sean Monahan wins face-off versus Michael Raffl in neutral zone.
0:51 of 1st overtime period - Wrist shot by Tomas Tatar.
0:51 of 1st overtime period - Shot Misses the Net.
1:03 of 1st overtime period - Penalty to Ludwig Bystrom is over, Ludwig Bystrom is back on ice.
1:07 of 1st overtime period - Snap shot by Oscar Klefbom.
1:07 of 1st overtime period - Shot Misses the Net.
1:09 of 1st overtime period - Snap shot by Connor Brown.
1:09 of 1st overtime period - Deflect By Andre Burakovsky.
1:09 of 1st overtime period - Shot Blocked by Michael Matheson.
1:09 of 1st overtime period - Puck is out of play.
1:10 of 1st overtime period - Miro Aaltonen wins face-off versus Connor Brown in Knights zone.
1:25 of 1st overtime period - Snap shot by Connor Brown.
1:25 of 1st overtime period - Shot Blocked by Jaccob Slavin.
1:57 of 1st overtime period - Backhand shot by Linden Vey.
1:57 of 1st overtime period - Shot Misses the Net.
1:59 of 1st overtime period - Slapshot by Linden Vey.
1:59 of 1st overtime period - Stopped by Malcolm Subban without a rebound.
2:00 of 1st overtime period - Sean Monahan wins face-off versus Miro Aaltonen in Monarchs zone.
3:13 of 1st overtime period - Robert Hagg is hit by Linden Vey.
4:39 of 1st overtime period - Icing by Oscar Klefbom.
4:40 of 1st overtime period - Noel Acciari wins face-off versus Steve Ott in Monarchs zone.
Goals for this period are 0 for Knights vs 0 for Monarchs .
Shots for this period are 1 for Knights vs 0 for Monarchs .
ShootOut
5:00 of 1st overtime period - Round #1.
5:00 of 1st overtime period - Knights, Michael Raffl.
5:00 of 1st overtime period - Deke by Michael Raffl.
5:00 of 1st overtime period - Goal by Michael Raffl.
5:00 of 1st overtime period - Monarchs , Andre Burakovsky.
5:00 of 1st overtime period - Wrist shot by Andre Burakovsky.
5:00 of 1st overtime period - Stopped by Ben Scrivens.
5:00 of 1st overtime period - Round #2.
5:00 of 1st overtime period - Knights, Noel Acciari.
5:00 of 1st overtime period - Wrist shot by Noel Acciari.
5:00 of 1st overtime period - Stopped by Malcolm Subban.
5:00 of 1st overtime period - Monarchs , Tomas Tatar.
5:00 of 1st overtime period - Deke by Tomas Tatar.
5:00 of 1st overtime period - Goal by Tomas Tatar.
5:00 of 1st overtime period - Round #3.
5:00 of 1st overtime period - Knights, Pavel Buchnevich.
5:00 of 1st overtime period - Backhand shot by Pavel Buchnevich.
5:00 of 1st overtime period - Goal by Pavel Buchnevich.
5:00 of 1st overtime period - Monarchs , Sean Monahan.
5:00 of 1st overtime period - Snap shot by Sean Monahan.
5:00 of 1st overtime period - Goal by Sean Monahan.
5:00 of 1st overtime period - Round #4.
5:00 of 1st overtime period - Knights, Josh Bailey.
5:00 of 1st overtime period - Deke by Josh Bailey.
5:00 of 1st overtime period - Shot Misses the Net.
5:00 of 1st overtime period - Monarchs , Brock Nelson.
5:00 of 1st overtime period - Deke by Brock Nelson.
5:00 of 1st overtime period - Stopped by Ben Scrivens.
5:00 of 1st overtime period - Round #5.
5:00 of 1st overtime period - Knights, Linden Vey.
5:00 of 1st overtime period - Deke by Linden Vey.
5:00 of 1st overtime period - Goal by Linden Vey.
5:00 of 1st overtime period - Monarchs , Eric Fehr.
5:00 of 1st overtime period - Deke by Eric Fehr.
5:00 of 1st overtime period - Goal by Eric Fehr.
5:00 of 1st overtime period - Round #6.
5:00 of 1st overtime period - Knights, Miro Aaltonen.
5:00 of 1st overtime period - Wrist shot by Miro Aaltonen.
5:00 of 1st overtime period - Stopped by Malcolm Subban.
5:00 of 1st overtime period - Monarchs , Steve Ott.
5:00 of 1st overtime period - Backhand shot by Steve Ott.
5:00 of 1st overtime period - Stopped by Ben Scrivens.
5:00 of 1st overtime period - Round #7.
5:00 of 1st overtime period - Knights, Boone Jenner.
5:00 of 1st overtime period - Snap shot by Boone Jenner.
5:00 of 1st overtime period - Goal by Boone Jenner.
5:00 of 1st overtime period - Monarchs , Daultan Leveillé.
5:00 of 1st overtime period - Snap shot by Daultan Leveillé.
5:00 of 1st overtime period - Stopped by Ben Scrivens.
Back to the Top